Map: Washout LE

Players

반포골드핑거 - Winner!

  • Race: Zerg Zerg
  • League: Master

SialicAcid

  • Race: Terran Terran
  • League: Diamond

VOD

Have the link to the VOD?

Description

Time

  • Played on: Sept. 23, 2026, 4:34 p.m.
  • Length: 6:30
Show
View Real Time Build Order
Export as new Build Order

반포골드핑거 Zerg - Winner!

Build Orders: Hatch First 

Get SALT Encoding   

  12  0:00  Drone  
  13  0:12  Overlord  
  13  0:18  Drone  
  14  0:30  Drone x2  
  16  0:36  Drone  
  17  0:50  Hatchery  
  17  0:53  Drone  
  17  0:55  Drone  
  18  1:07  Extractor  
  18  1:09  Spawning Pool  
  16  1:14  Drone  
  17  1:21  Drone  
  18  1:29  Drone  
  19  1:39  Drone  
  20  1:50  Drone  
  21  2:01  Queen x2  
  21  2:02  Zergling x2  
  21  2:03  Zergling x2  
  27  2:13  Hatchery  
  26  2:23  Metabolic Boost  
  26  2:25  Overlord  
  26  2:26  Drone  
  28  2:30  Drone  
  28  2:44  Drone  
  28  2:45  Drone x4  
  33  2:57  Overlord  
  33  2:58  Drone  
  34  2:59  Queen  
  34  3:04  Overlord  
  36  3:12  Overlord  
  36  3:17  Drone x2  
  36  3:18  Drone x2  
  40  3:22  Queen  
  40  3:25  Drone x2  
  44  3:30  Drone  
  45  3:35  Drone  
  45  3:38  Queen  
  48  3:42  Queen  
  48  3:47  Zergling x6  
  53  3:49  Zergling x2  
  53  3:53  Overlord  
  54  3:59  Overlord x2  
  54  4:03  Lair  
  54  4:08  Drone x3  
  54  4:09  Drone  
  58  4:15  Overlord x2  
  58  4:21  Queen  
  58  4:23  Drone  
  61  4:25  Drone  
  61  4:28  Drone x2  
  64  4:34  Drone  
  64  4:35  Drone x4  
  69  4:40  Drone x4  
  73  4:48  Evolution Chamber  
  73  4:51  Evolution Chamber  
  71  4:54  Drone x6  
  77  5:03  Queen  
  77  5:04  Queen  
  77  5:05  Overlord  
  81  5:15  Zergling x16  
  89  5:22  Baneling Nest  
  84  5:29  Zergling x2  
  84  5:30  Zergling x18  
  90  5:39  Drone x2  
  91  5:45  Drone x2  
  91  5:48  Drone  
  86  5:54  Drone, Extractor x2  
  85  6:01  Hatchery, Drone  
  85  6:02  Drone x2  
  87  6:10  Drone x2  
  86  6:12  Extractor  
  86  6:15  Extractor, Drone  
  84  6:20  Extractor  
Show
View Real Time Build Order
Export as new Build Order

SialicAcid Terran 

Build Orders: 2 Factory, Hellion Opening, Reaper Expand 

Get SALT Encoding   

  12  0:00  SCV  
  13  0:12  SCV  
  14  0:17  Supply Depot  
  14  0:24  SCV  
  15  0:38  SCV  
  15  0:40  Barracks  
  16  0:45  Refinery  
  16  0:50  SCV  
  17  1:03  SCV  
  18  1:15  SCV  
  19  1:26  Reaper  
  19  1:27  Orbital Command  
  20  1:38  Command Center  
  20  1:51  Supply Depot  
  20  1:53  SCV  
  21  2:00  Marine  
  22  2:05  Factory  
  22  2:06  SCV  
  23  2:12  Refinery  
  23  2:19  SCV  
  24  2:25  Barracks Reactor  
  24  2:34  SCV  
  25  2:46  SCV  
  25  2:50  Orbital Command  
  26  3:01  SCV, Factory  
  26  3:05  Hellion x2  
  31  3:13  SCV  
  31  3:17  SCV  
  33  3:24  Barracks Tech Lab  
  33  3:25  SCV  
  34  3:28  Hellion x2  
  34  3:29  SCV  
  34  3:32  Supply Depot  
  39  3:37  SCV  
  41  3:41  SCV  
  41  3:49  SCV  
  41  3:53  Hellion x2  
  41  3:54  Supply Depot  
  46  3:57  SCV  
  46  3:58  Supply Depot  
  46  3:59  Infernal Pre-Igniter  
  46  4:00  Supply Depot  
  46  4:01  Hellion, SCV  
  50  4:09  SCV  
  51  4:13  SCV  
  51  4:14  Starport  
  51  4:15  Barracks Tech Lab  
  52  4:18  Hellion x2  
  52  4:22  Hellion  
  58  4:29  Supply Depot  
  58  4:34  Marine  
  58  4:35  Concussive Shells  
  59  4:44  Hellion  
  61  4:49  SCV x2  
  61  4:52  Supply Depot, Marine  
  64  5:01  Hellion  
  64  5:04  Starport Reactor  
  64  5:06  Barracks, Widow Mine  
  68  5:07  Command Center  
  68  5:09  SCV x2  
  70  5:21  SCV  
  69  5:39  Factory Reactor  
  67  5:48  SCV x2  
  50  5:52  Hellion  
  52  5:59  Barracks  
  52  6:00  Barracks, SCV x2  
  52  6:01  Starport Reactor  
  47  6:12  SCV  
  47  6:17  SCV  
Tags
 
Add a new tag
Caveats
  • Supply blocks, unpowered buildings, or Contaminate may cause inaccurate times.
  • Supply counts are checked every 10 seconds.